 Dungeon Crawl Stone Soup version 0.24.0-10-g970556be89 (webtiles) character file.

Game seed: 10484148474148088167, levelgen mode: deterministic

114 Delamore the Chopper (level 4, 0/39 HPs)
             Began as a Hill Orc Monk on Nov 3, 2019.
             Was a Believer of Beogh.
             Slain by a worker ant (1 damage)
             ... on level 4 of the Dungeon.
             The game lasted 00:05:49 (2452 turns).

Delamore the Chopper (Hill Orc Monk)                Turns: 2452, Time: 00:05:50

Health: 0/39       AC:  8    Str: 14    XL:     4   Next: 97%
Magic:  4/4        EV: 11    Int: 10    God:    Beogh [**....]
Gold:   131        SH:  0    Dex: 13    Spells: 3/3 levels left

rFire    . . .     SeeInvis .   a - +0 hand axe
rCold    . . .     Gourm    .   (no shield)
rNeg     . . .     Faith    .   p - +0 ring mail
rPois    .         Spirit   .   (no helmet)
rElec    .         Reflect  .   (no cloak)
rCorr    .         Harm     .   (no gloves)
MR       .....                  (no boots)
Stlth    ++........             (no amulet)
HPRegen  0.13/turn              i - +3 ring of protection
MPRegen  0.09/turn              w - ring of stealth

@: lethally poisoned (0 -> -11)
A: no striking features
a: Smiting, Renounce Religion


You were on level 4 of the Dungeon.
You worshipped Beogh.
Beogh was pleased with you.
You were hungry.

You visited 1 branch of the dungeon, and saw 4 of its levels.

You collected 131 gold pieces.

Inventory:

Hand Weapons
 a - a +0 hand axe (weapon)
Armour
 b - a +0 robe
 p - a +0 ring mail (worn)
Jewellery
 i - a +3 ring of protection (left hand)
 t - an uncursed ring of fire
 w - a ring of stealth (right hand)
Wands
 n - a wand of polymorph (12)
 q - a wand of flame (23)
 r - a wand of random effects (18)
Scrolls
 e - a scroll of amnesia {unknown}
 f - 2 scrolls of noise {unknown}
 h - a scroll of fear {unknown}
 k - 4 scrolls of identify {unknown}
 m - a scroll of remove curse {unknown}
 s - a scroll of blinking {unknown}
 v - 2 scrolls of enchant armour {unknown}
Potions
 d - a potion of degeneration {unknown}
 g - a potion of ambrosia {unknown}
 j - a potion of mutation {unknown}
 l - 3 potions of curing {unknown}
 o - a potion of berserk rage {unknown}
 u - a potion of brilliance {unknown}
Comestibles
 c - 8 rations


   Skills:
 - Level 3.6 Fighting
 + Level 7.1 Axes
 + Level 0.9 Armour
 - Level 2.4 Dodging
 - Level 1.5 Stealth


You had 3 spell levels left.
You didn't know any spells.
Your spell library was empty.

Dungeon Overview and Level Annotations

Branches:
Dungeon (4/15)
 Temple: D:4-7

Altars:
Gozag
Ru


Message History

You are too injured to fight recklessly!
You are too injured to fight recklessly!
You hit the worker ant.
The worker ant is heavily wounded.
You feel sick. The worker ant bites you!
* * * LOW HITPOINT WARNING * * *
The worker ant completely misses you.
The worker ant waves its antennae.
* * * LOW HITPOINT WARNING * * *
You feel sick.
Aiming: Throw Flame
Press: ? - help, Shift-Dir - straight line, f - ogre
Aim: an ogre, wielding a +0 giant club (heavily wounded)
The puff of flame hits the worker ant.
The worker ant is almost dead.
The worker ant bites you.
* * * LOW HITPOINT WARNING * * *
You are more poisoned.
The worker ant poisons you! The worker ant bites you.
You die...

########### #(.........
#.........% #..........
####################..........
#..).........@aO...'..........
#.##.##.############!....%....
#>............. +..........
#.##........... #.......^..
#.#####.####### #..........
#.# #.# ##..####### #.# #.#
##.# #.# #.# .. #.# #.# #..


You could see an ogre and a worker ant.

Vanquished Creatures
  Ijyb (D:3)
  2 worker ants (D:4)
  An ooze (D:1)
  An adder skeleton (D:4)
  A worm (D:2)
  2 dart slugs (D:1)
  A leopard gecko (D:2)
  3 bats
  4 goblins
  4 hobgoblins
  2 quokkas
  5 frilled lizards
  4 kobolds
  A leopard gecko skeleton (D:3)
  2 rats
34 creatures vanquished.

Vanquished Creatures (others)
  4 adders (D:2)
  2 orcs (D:2)
  A hobgoblin (D:2)
  2 quokkas (D:2)
9 creatures vanquished.

Grand Total: 43 creatures vanquished

Notes
Turn   | Place    | Note
-------+----------+-------------------------------------------
     0 | D:1      | Delamore the Hill Orc Monk began the quest for the Orb.
     0 | D:1      | Reached XP level 1. HP: 19/19 MP: 1/1
   334 | D:1      | Reached XP level 2. HP: 21/26 MP: 2/2
   382 | D:1      | Reached skill level 5 in Axes
   659 | D:2      | Became a worshipper of Beogh the Brigand
   659 | D:2      | Reached * piety under Beogh
   659 | D:2      | Reached ** piety under Beogh
   784 | D:2      | Reached XP level 3. HP: 31/31 MP: 3/3
   939 | D:2      | Found an opulent altar of Gozag.
  1257 | D:3      | Noticed Ijyb
  1283 | D:3      | Killed Ijyb
  1283 | D:3      | Reached skill level 6 in Axes
  1346 | D:3      | Reached XP level 4. HP: 36/39 MP: 4/4
  1672 | D:3      | Found a sacrificial altar of Ru.
  2171 | D:4      | Reached skill level 7 in Axes
  2194 | D:4      | Noticed an ogre
  2194 | D:4      | Noticed an ogre
  2452 | D:4      | HP: 1/39 [worker ant (2)]
  2452 | D:4      | Slain by a worker ant

Levels and vault maps discovered:
D:1:      lemuel_arrival_cross, layout_loops_cross
D:2:      layout_rooms, lemuel_doored_altar
D:3:      layout_basic, old_standard_altar, uniq_ijyb
D:4:      layout_basic, gup_sewer_entry_pipe, first_ration, cheibrodos_gnoll_hut

Skill      XL: |  1  2  3  4 |
---------------+-------------+-----
Axes           | 5 6 7 |  7.1
Fighting       | |  3.6
Armour         | |  0.9
Dodging        | |  2.4
Stealth        | |  1.5

Action                   |  1- 3 |  4- 6 || total
-------------------------+-------+-------++-------
Melee: Hand axe          |   100 |    61 ||   161
Invok: Convert to Beogh  |     1 |       ||     1
Evoke: Wand              |       |     1 ||     1
  Eat: Ration            |     1 |       ||     1
       Chunk             |       |     1 ||     1
Armor: Robe              |    12 |       ||    12
       Ring mail         |    10 |    20 ||    30
Dodge: Dodged            |    63 |    31 ||    94
